 Dungeon Crawl Stone Soup version 0.18.1-6-gd335043 (webtiles) character file.

20 Jerry the Magician (level 2, -3/19 HPs)
             Began as a Mummy Wizard on May 19, 2016.
             Slain by a kobold
             ... wielding a +0 short sword
              (4 damage)
             ... on level 1 of the Dungeon.
             The game lasted 00:03:35 (838 turns).

Jerry the Magician (Mummy Wizard)                    Turns: 838, Time: 00:03:35

Health: -3/19      AC:  2    Str: 10    XL:     2   Next: 58%
Magic:  0/6        EV: 12    Int: 17    God:
Gold:   47         SH:  0    Dex: 10    Spells: 2 memorised, 4 levels left

rFire  x . .     SeeInvis .     g - +0 dagger
rCold  + . .     Gourm    .     a - +0 robe
rNeg   + + +     Faith    .     (no shield)
rPois  ∞         Spirit   +     b - +0 hat
rElec  .         Dismiss  .     (no cloak)
rCorr  .         Reflect  .     (no gloves)
SustAt .         Harm     .     (no boots)
MR     .....                    e - amulet of guardian spirit (curse)
Stlth  ++........               (no ring)
                                (no ring)

@: not resistant to hostile enchantments, unstealthy
A: no food or potions, fire vulnerability, cold resistance 1, negative energy
resistance 3, torment resistance, unbreathing
a: no special abilities


You were on level 1 of the Dungeon.
You were not hungry.

You visited 1 branch of the dungeon, and saw 1 of its levels.

You collected 47 gold pieces.

Inventory:

Hand Weapons
 g - a +0 dagger (weapon)
 h - a +0 short sword
Armour
 a - a +0 robe (worn)
 b - a +0 hat (worn)
Jewellery
 e - a cursed amulet of guardian spirit (around neck)
Scrolls
 d - 3 scrolls of identify {unknown}
 f - 2 scrolls of random uselessness {unknown}
 i - a scroll of remove curse {unknown}
 j - a scroll of teleportation {unknown}
Books
 c - a book of Minor Magic

   Spells                             Type                      Level
   a - Magic Dart                     Conjuration                  1
   b - Blink                          Translocation                2
   c - Call Imp                       Summoning                    2
   d - Repel Missiles                 Charms/Air                   2
   e - Slow                           Hexes                        2
   f - Conjure Flame                  Conjuration/Fire             3
   g - Mephitic Cloud                 Conjuration/Poison/Air       3


   Skills:
 - Level 1.5 Dodging
 - Level 1.5 Stealth
 - Level 3.4 Spellcasting
 - Level 0.7 Conjurations
 + Level 1.5 Summonings
   Level 0.7 Translocations


You had 4 spell levels left.
You knew the following spells:

 Your Spells              Type           Power        Failure   Level  Hunger
a - Magic Dart            Conj           #...         14%         1    N/A
b - Call Imp              Summ           #.......     17%         2    N/A

Dungeon Overview and Level Annotations

Branches:
Dungeon (1/15)

Altars:


Innate Abilities, Weirdness & Mutations

You do not eat or drink.
Your flesh is vulnerable to fire.
You are immune to poison.
Your flesh is cold resistant.
You are immune to negative energy.
You are immune to unholy pain and torment.
You can survive without breathing.


Message History

You hit the kobold.
The kobold is severely wounded.
The kobold hits you but does no damage.
You hit the kobold but do no damage.
The kobold is severely wounded.
The kobold hits you but does no damage.
You hit the kobold but do no damage.
The kobold is severely wounded.
The kobold hits you but does no damage.
You hit the kobold but do no damage.
The kobold is severely wounded.
The kobold barely misses you.
You hit the kobold but do no damage.
The kobold is severely wounded.
The kobold hits you with an uncursed short sword.
* * * LOW HITPOINT WARNING * * *
You barely miss the kobold.
The kobold is severely wounded.
The kobold hits you with an uncursed short sword.
You die...

####...).......#
######..#####
#.)# #..# #>.#
#########..#
#..........#
####.########.#
#.........K@.(#
#.##.##########
...##.#)†.#
..Kl...(#.#
...####.(.#
#####


You could see a kobold.

Vanquished Creatures
  A giant gecko (D:1)
  A ball python (D:1)
  A giant cockroach (D:1)
  4 goblins (D:1)
  2 hobgoblins (D:1)
  A bat (D:1)
  3 giant newts (D:1)
  2 kobolds (D:1)
  3 rats (D:1)
18 creatures vanquished.

Notes
Turn   | Place    | Note
--------------------------------------------------------------
     0 | D:1      | Jerry the Mummy Wizard began the quest for the Orb.
     0 | D:1      | Reached XP level 1. HP: 13/13 MP: 4/4
   557 | D:1      | Reached XP level 2. HP: 19/19 MP: 4/6
   561 | D:1      | Learned a level 2 spell: Call Imp
   663 | D:1      | Reached skill level 1 in Summonings
   838 | D:1      | Slain by a kobold

Skill      XL: |  1  2 |
---------------+-------+-----
Summonings     | 1 |  1.5
Dodging        | |  1.5
Stealth        | |  1.5
Spellcasting   | |  3.4
Conjurations   | |  0.7
Translocations | |  0.7

Action                   || total
-------------------------++-------
Melee: Dagger            ||    46
 Cast: Magic Dart        ||    23
Armor: Robe              ||    11
Dodge: Dodged            ||    37
